 Dungeon Sprint DCSS version 0.31.0-12-g77e489cdc1 (webtiles) character file.

Game seed: 10278714039444326734

70 Heoruswealwe the Poker (level 4, -2/44 HPs)
             Began as a Minotaur Fighter on Feb 15, 2024.
             Was an Initiate of Gozag.
             Slain by a wyvern (14 damage)
             ... in the Dungeon (Sprint IX: "|||||||||||||||||||||||||||||").
             The game lasted 00:01:24 (137 turns).

Heoruswealwe the Poker (Minotaur Fighter)            Turns: 137, Time: 00:01:24

Health: -2/44      AC: 10    Str: 23    XL:     4   Next: 4%
Magic:  3/3        EV:  8    Int:  5    God:    Gozag
Gold:   0          SH:  4    Dex:  9    Spells: 3/3 levels left

rFire   . . .        a - +0 trident
rCold   . . .        d - +0 buckler
rNeg    . . .        c - +0 chain mail
rPois   .            (helmet restricted)
rElec   .            (no cloak)
rCorr   .            (no gloves)
SInv    .            (no boots)
Will    .....        (no amulet) Stlth
                     (no ring)
HPRegen 0.27/turn    (no ring)
MPRegen 0.08/turn

%: no teleportation
@: no status effects
A: horns 2, retaliatory headbutt
a: Renounce Religion, Potion Petition, Call Merchant, Bribe Branch


You were in the Dungeon.
You worshipped Gozag.
Gozag was noncommittal.
You visited 1 branch

Inventory:

Hand Weapons
 a - a +0 trident (weapon)
 k - a +2 halberd of protection
Armour
 c - a +0 chain mail (worn)
 d - a +0 buckler (worn)
Wands
 h - a wand of iceblast (10)
Scrolls
 j - 2 scrolls of blinking
Potions
 b - a potion of might
 e - 5 potions of curing
 f - 2 potions of heal wounds
 g - a potion of haste
 i - a potion of berserk rage


   Skills:
 + Level 5.9 Fighting
 * Level 7.1 Polearms
 + Level 5.9 Armour
 - Level 3.6 Shields


You had 3 spell levels left.
You didn't know any spells.
Your spell library was empty.

Dungeon Overview and Level Annotations

Branches:
Dungeon (1/1)

Altars:
Cheibriados
Dithmenos
Elyvilon
Fedhas
Gozag
Hepliaklqana
Kikubaaqudgha
Makhleb
Nemelex Xobeh
Okawaru
Qazlal
Ru
Sif Muna
Trog
Uskayaw
Vehumet
Wu Jian
Xom
Yredelemnul
Zin
The Shining One
Jiyva
Lugonu


Innate Abilities, Weirdness & Mutations

You have a pair of horns on your head.
You reflexively headbutt those who attack you in melee.


Message History

There is a radiant altar of Vehumet here.
There is an ornate altar of the Wu Jian Council here.
There is a shimmering altar of Xom here.
There is a basalt altar of Yredelemnul here.
There is a glowing silver altar of Zin here.
There is a glowing golden altar of the Shining One here.
You open the door.
Found five items.
Found a +1 scale mail.
There is an open door here.
Found a +3 ring of intelligence.
f - 2 potions of heal wounds;
e - 5 potions of curing (gained 4)
Things that are here:
2 potions of magic; a potion of invisibility You drop 2 potions of magic.
Found a +3 ring of intelligence.
j - 2 scrolls of blinking (gained 1)
You see here 2 scrolls of amnesia.
h - a wand of iceblast (10)
Items here: )))))).
k - a +2 halberd of protection You see here a +0 pair of boots.
You see here a +0 cloak.
You see here a +1 scale mail.
You see here a +3 ring of intelligence.
You see here a +3 ring of intelligence.
You open the door.
An orc wizard, 2 wraiths, an acid dragon, a gargoyle and a wyvern come into view.
The acid dragon roars!
The wyvern hisses angrily.
The wyvern closely misses you.
You closely miss the wyvern. Your headbutt misses the wyvern.
You block the wyvern's attack.
You closely miss the wyvern. The wyvern bites you! x2
* * * LOW HITPOINT WARNING * * *
You barely miss the wyvern.
The wyvern bites you but does no damage.
You closely miss the wyvern. Your headbutt misses the wyvern.
The wyvern bites you!
You die...
Your body crumbles into a pile of gold.

▓.▓
▓o▓
▓W▓
▓D▓
▓W▓
▓9▓
▓k▓
▓@▓
▓=▓
▓[▓
▓[▓
▓[▓
▓.▓
▓)▓
▓?▓
▓!▓


You could see 2 wraiths, a wyvern, an acid dragon, a gargoyle and an orc wizard.

Vanquished Creatures
  A bombardier beetle (D)
  An iguana (D)
  A ribbon worm (D)
  2 orcs (D)
  A bat (D)
  An endoplasm (D)
  2 kobolds (D)
  A rat (D)
10 creatures vanquished.

Notes
Turn   | Place    | Note
-------+----------+-------------------------------------------
     0 | D        | Heoruswealwe the Minotaur Fighter began the quest for the
                  | Orb.
     0 | D        | Reached XP level 1. HP: 19/19 MP: 0/0
     6 | D        | Reached skill level 3 in Polearms
    45 | D        | Noticed an iguana
    45 | D        | Noticed a bombardier beetle
    47 | D        | Reached skill level 4 in Polearms
    54 | D        | Reached XP level 2. HP: 17/28 MP: 1/1
    59 | D        | HP: 1/28 [burnt (2)]
    65 | D        | Killed a bombardier beetle
    66 | D        | Reached skill level 5 in Fighting
    66 | D        | Reached skill level 6 in Polearms
    66 | D        | Reached skill level 5 in Armour
    66 | D        | Reached XP level 3. HP: 10/36 MP: 2/2
    72 | D        | Reached skill level 7 in Polearms
    72 | D        | Reached XP level 4. HP: 14/44 MP: 3/3
    90 | D        | Found a snail-covered altar of Cheibriados.
    90 | D        | Found a shadowy altar of Dithmenos.
    90 | D        | Found a white marble altar of Elyvilon.
    90 | D        | Found a blossoming altar of Fedhas.
    90 | D        | Found an opulent altar of Gozag.
    91 | D        | Found a hazy altar of Hepliaklqana.
    92 | D        | Found a viscous altar of Jiyva.
    93 | D        | Found an ancient bone altar of Kikubaaqudgha.
    94 | D        | Found a corrupted altar of Lugonu.
    95 | D        | Found a burning altar of Makhleb.
    96 | D        | Found a sparkling altar of Nemelex Xobeh.
    97 | D        | Found an iron altar of Okawaru.
    98 | D        | Became a worshipper of Gozag Ym Sagoz the Greedy
    99 | D        | Found a stormy altar of Qazlal.
   100 | D        | Found a sacrificial altar of Ru.
   101 | D        | Found a shimmering blue altar of Sif Muna.
   102 | D        | Found a bloodstained altar of Trog.
   103 | D        | Found a hide-covered altar of Uskayaw.
   104 | D        | Found a radiant altar of Vehumet.
   105 | D        | Found an ornate altar of the Wu Jian Council.
   106 | D        | Found a shimmering altar of Xom.
   107 | D        | Found a basalt altar of Yredelemnul.
   108 | D        | Found a glowing silver altar of Zin.
   109 | D        | Found a glowing golden altar of the Shining One.
   133 | D        | Noticed a wraith
   133 | D        | Noticed a wraith
   133 | D        | Noticed an acid dragon
   133 | D        | Noticed a gargoyle
   133 | D        | Noticed a wyvern
   137 | D        | Slain by a wyvern

Illustrated notes

Levels and vault maps discovered:
D:        linesprint [early_d, line_temple, items_1, d_10, items_2, lair_1,
          lair_end, items_3, orc_1, orc_end, items_4, d_15, swamp_1, shoals_1,
          snake_1, spider_1, d_20, vaults_1, items_5, swamp_end, shoals_end,
          snake_end, spider_end, vaults_end, d_27, items_6, zot_1, zot_end,
          crypt_end, forest_end, elf_end, slime_end, tomb_end, abyss_end,
          pan_hell_end]

Skill      XL: |  1  2  3 |
---------------+----------+-----
Polearms       | 4 6 7 |  7.1
Fighting       | 4 5 |  5.9
Armour         | 4 5 |  5.9
Shields        | |  3.6

Action                     |  1- 3 |  4- 6 || total
---------------------------+-------+-------++-------
  Melee: Trident           |    38 |     4 ||    42
         Headbutt          |     4 |       ||     4
    Use: Potion            |     1 |       ||     1
 Armour: Scale mail        |    17 |       ||    17
         Chain mail        |       |     4 ||     4
  Dodge: Dodged            |    11 |     1 ||    12
  Block: Buckler           |    10 |     1 ||    11
